cohdb
Replays
Latest Replays
All Replays
Popular Replays
Top Player Replays
Match Explorer
How It Works
Community
CoH3 Stats
Reddit
Sign in to upload your games and track your stats! →
Sign in with Steam
Match 44261844
Unlisted
Match 44261844
Overview
Messages
Build Orders
End
Engineer Squad
Construct Barracks
1⁄4-ton 4x4 Truck
Riflemen Squad
Riflemen Squad
Infantry Support Center
Selects Advanced Infantry Battlegroup
Selects Convert to Ranger Squad
Convert to Ranger Squad
M1918 Browning Automatic Rifles
Construct Medical Station
Selects Ammunition Storage
Construct Motor Pool
Convert to Ranger Squad
Advanced Logistics
Selects Designate Assault Position
Selects Ranger Weapon Training
Riflemen Squad
Convert to Ranger Squad
Designate Assault Position
Survival Training
Selects M2A1 105mm Howitzer Emplacement
Designate Assault Position
Scout Squad
Designate Assault Position
Selects Free Fire Drills
bigcheese
INTEL
GoLdenCoBRaaa
woof_raff
0
0
Comments
sign in to comment!
No comments posted yet!